 Dungeon Crawl Stone Soup version 0.27-a0-1308-gc08437e49b (webtiles) character file.

Game seed: 9704311930442929635

231 mandarbmax the Cudgeller (level 5, -12/64 HPs)
             Began as a Palentonga Berserker on June 18, 2021.
             Was a Believer of Trog.
             Splashed by Ijyb's acid (14 damage)
             ... on level 4 of the Dungeon.
             The game lasted 00:05:46 (3162 turns).

mandarbmax the Cudgeller (Palentonga Berserker)     Turns: 3162, Time: 00:05:46

Health: -12/64     AC:  5    Str: 21    XL:     5   Next: 73%
Magic:  5/5        EV:  9    Int:  7    God:    Trog [**....]
Gold:   80         SH:  0    Dex: 10    Spells: 4/4 levels left

rFire    . . .     SeeInvis +   o - +0 flail (holy)
rCold    . . .     Faith    .   (no shield)
rNeg     . . .     Spirit   .   f - +0 ring mail
rPois    .         Reflect  .   (no helmet)
rElec    .         Harm     .   m - scarf {shadows}
rCorr    .         Rampage  .   (no gloves)
Will     .....                  (no barding)
Stlth    ..........             (no amulet)
HPRegen  0.20/turn              c - +4 ring of protection
MPRegen  0.09/turn              (no ring)

@: mighty, berserking, corroded, very quick
A: large, rugged brown scales 3, see invisible, deformed body, roll 1, armoured
tail
a: Rolling Charge, Renounce Religion, Berserk, Trog's Hand


You were on level 4 of the Dungeon.
You worshipped Trog.
Trog was pleased with you.
You visited 1 branch of the dungeon, and saw 4 of its levels.

You collected 188 gold pieces.
You spent 108 gold pieces at shops.

Inventory:

Hand Weapons
 j - a +1 mace of holy wrath
 o - a +0 flail of holy wrath (weapon)
Missiles
 a - a throwing net
Armour
 e - a +0 chain mail
 f - a +0 ring mail (worn)
 m - a scarf of shadows (worn)
Jewellery
 c - a +4 ring of protection (left hand)
Scrolls
 b - 2 scrolls of fog {unknown}
 i - 3 scrolls of blinking {unknown}
 l - a scroll of teleportation {unknown}
 n - 2 scrolls of fear
 p - a scroll of identify
Potions
 d - 2 potions of curing
 g - a potion of might
 h - 2 potions of ambrosia
 k - a potion of flight
 q - a potion of lignification {unknown}


   Skills:
 - Level 3.0 Fighting
 + Level 6.2 Maces & Flails
 - Level 2.0 Armour
 - Level 2.0 Dodging


You had 4 spell levels left.
You didn't know any spells.
Your spell library was empty.

Dungeon Overview and Level Annotations

Branches:
Dungeon (4/15)
 Temple: D:4-7

Altars:

Shops:
D:2 ([=   D:3 ?

Annotations:
D:4 Ijyb


Innate Abilities, Weirdness & Mutations

You are completely covered in rugged brown scales. (AC +3, +7% HP)
You have supernaturally acute eyesight. (SInv)
Armour fits poorly on your strangely shaped body.
You can roll at nearby foes to attack.
You have a long armoured tail.


Message History

You open the door.
There is an open door here.
h - 2 potions of ambrosia (gained 1)
You now have 80 gold pieces (gained 8).
p - a scroll of identify
q - a brown potion An ufetubus comes into view.
The ufetubus shouts!
You hear a shout!
You roll forward with a clatter of scales!
You sock the ufetubus!
You kill the ufetubus!
Trog accepts your kill.
Ijyb the Twisted Goblin comes into view.
She is wielding a +0 club and carrying a wand of acid (8).
You roll forward with a clatter of scales!
You closely miss Ijyb. Ijyb hits you with a +0 club.
You closely miss Ijyb. Ijyb hits you but does no damage.
Unknown command.
You barely miss Ijyb. Ijyb completely misses you.
Unknown command.
You hit Ijyb but do no damage. Ijyb hits you but does no damage.
You hit Ijyb but do no damage. Ijyb barely misses you.
Unknown command.
You closely miss Ijyb. You tail-slap Ijyb.
Ijyb is lightly wounded.
Ijyb zaps a wand.
The bolt of acid hits you! The acid corrodes you!
You are splashed with acid!
Unknown command.
You are too injured to fight recklessly!
Unknown command.
You are too injured to fight recklessly!
You are too injured to fight recklessly!
It was a potion of might.
You feel very mighty all of a sudden. Ijyb hits you but does no damage.
A red film seems to cover your vision as you go berserk!
You feel yourself moving faster!
You feel mighty!
Ijyb zaps a wand.
The bolt of acid hits you!!
* * * LOW HITPOINT WARNING * * *
You are splashed with acid!
You die...

##.##......##..
#..........##.#
#..........##.# #
#....##..#.##.#
..#######.....#.....#.#
.................####.#
####.#.######.#######.#
####........#.........#
......@####.#..........
####...g..# #.#########
#.....## #.#........
#.....# #.#.#######
#...... #..........
#..#..## ###.#######
#.. ...............
####...###### .....#


You could see Ijyb.

Vanquished Creatures
  A howler monkey (D:4)
  2 orc wizards (D:4)
  A howler monkey zombie (D:4)
  3 gnolls (D:4)
  4 adders
  An ufetubus (D:4)
  A worm (D:3)
  2 orcs (D:4)
  5 bats
  4 endoplasms
  4 giant cockroaches
  4 goblins
  5 hobgoblins
  4 quokkas
  8 ball pythons
  3 frilled lizards
  5 kobolds
  7 rats
64 creatures vanquished.

Vanquished Creatures (others)
  4 plants
4 creatures vanquished.

Grand Total: 68 creatures vanquished

Notes
Turn   | Place    | Note
-------+----------+-------------------------------------------
     0 | D:1      | mandarbmax the Palentonga Berserker began the quest for the
                  | Orb.
     0 | D:1      | Reached XP level 1. HP: 19/19 MP: 1/1
   335 | D:1      | Reached XP level 2. HP: 17/25 MP: 2/2
  1077 | D:1      | Found a faded altar of an unknown god.
  1214 | D:2      | Found Zaohiul's Jewellery Emporium.
  1217 | D:2      | Reached XP level 3. HP: 31/31 MP: 3/3
  1327 | D:2      | Reached skill level 4 in Maces & Flails
  1578 | D:2      | Found Iqanyog's Weapon Shoppe.
  1845 | D:2      | Found Mimno's Armour Boutique.
  2000 | D:3      | Reached XP level 4. HP: 31/37 MP: 4/4
  2007 | D:3      | Reached ** piety under Trog
  2191 | D:3      | Found Ummyac's Magic Scroll Shoppe.
  2199 | D:3      | Bought 2 scrolls of fear for 84 gold pieces
  2518 | D:3      | Bought a scroll of identify for 24 gold pieces
  2548 | D:4      | Reached skill level 5 in Maces & Flails
  2560 | D:4      | Reached XP level 5. HP: 25/43 MP: 5/5
  2789 | D:4      | Reached skill level 6 in Maces & Flails
  3154 | D:4      | Noticed Ijyb
  3162 | D:4      | HP: 2/64 [Ijyb/bolt of acid (19)]
  3162 | D:4      | Splashed by Ijyb's acid

Illustrated notes

Levels and vault maps discovered:
D:1:      dpeg_arrival_rooms_c, layout_basic,
          hellmonk_ecumenical_altar_crossroads, minmay_misc_feat_tiny,
          minivault_27, chequers_serial_rivers_micro_c,
          minmay_misc_feat_hallway, serial_bayou_ford_a
D:2:      layout_rooms, serial_shops, shop_statue, nicolae_shop_crystal, shop
D:3:      layout_basic, serial_shops, nicolae_square_shop,
          chequers_serial_rivers_small_a
D:4:      corexii_shantytown, layout_basic, uniq_sigmund, uniq_ijyb

Skill      XL: |  1  2  3  4  5 |
---------------+----------------+-----
Armour         | 2 |  2.0
Dodging        | 2 |  2.0
Maces & Flails | 4 5 6 |  6.2
Fighting       | |  3.0

Action                   |  1- 3 |  4- 6 || total
-------------------------+-------+-------++-------
Melee: Mace              |    90 |    59 ||   149
       Tailslap          |     7 |     8 ||    15
       Flail             |       |    10 ||    10
Invok: Berserk           |       |     3 ||     3
 Abil: Rolling Charge    |    28 |    13 ||    41
  Use: Scroll            |       |     3 ||     3
       Potion            |       |     1 ||     1
Armor: Animal skin       |     8 |       ||     8
       Ring mail         |    30 |    36 ||    66
Dodge: Dodged            |    24 |    40 ||    64

Table legend: (Time is in decaauts)
 A = Elapsed time spent in this place.
 B = Non-inter-level travel time spent in this place.
 C = Inter-level travel time spent in this place.
 D = Time resting spent in this place.
 E = Time spent auto-exploring this place.
 F = Levels seen in this place.
 G = Mean time per level.
                   A        B        C        D        E       F      G
               +--------+--------+--------+--------+--------+-----+--------+
         Total |   3217 |   3108 |    109 |    354 |   2364 |   4 |  804.2 |
       Dungeon |   3217 |   3108 |    109 |    354 |   2364 |   4 |  804.2 |
               +--------+--------+--------+--------+--------+-----+--------+

Top non-repeatable levels by time:
     D:1: 1233 daAuts
     D:2: 672 daAuts
     D:3: 661 daAuts
     D:4: 649 daAuts
